 Dungeon Crawl Stone Soup version 0.22.0-75-g3901e7991e (webtiles) character file.

11972 Freyura the Grappler (level 11, -11/111 HPs)
             Began as a Troll Monk on Sept 13, 2018.
             Was a High Priest of Okawaru.
             Hit by a large rock thrown by a cyclops (40 damage)
             ... on level 11 of the Dungeon.
             The game lasted 00:42:16 (8803 turns).

Freyura the Grappler (Troll Monk)                   Turns: 8803, Time: 00:42:16

Health: -11/111    AC: 12    Str: 21    XL:     11   Next: 56%
Magic:  13/13      EV: 15    Int:  6    God:    Okawaru [*****.]
Gold:   707        SH:  0    Dex: 15    Spells: 10/10 levels left

rFire    . . .     SeeInvis +     - Unarmed
rCold    . . .     Gourm    +   (no shield)
rNeg     . . .     Faith    .   D - +2 robe {MR+}
rPois    .         Spirit   .   h - +2 hat
rElec    .         Reflect  .   j - +2 cloak
rCorr    .         Harm     .   (gloves unavailable)
MR       +....                  (boots unavailable)
Stlth    ++........             y - amulet of magic regeneration
HPRegen  0.68/turn              a - ring of see invisible
MPRegen  0.38/turn              g - +1 ring of slaying

@: no status effects
A: large, unfitting armour, claws 3, fast metabolism 3, gourmand, regeneration
1, shaggy fur 1, tough skin 2
a: Heroism, Finesse, Renounce Religion


You were on level 11 of the Dungeon.
You worshipped Okawaru.
Okawaru was extremely pleased with you.
You were completely stuffed.

You visited 2 branches of the dungeon, and saw 12 of its levels.

You collected 707 gold pieces.

Inventory:

Armour
 h - a +2 hat (worn)
 j - a +2 cloak (worn)
 D - a +2 robe of magic resistance (worn)
Jewellery
 a - a ring of see invisible (left claw)
 g - a +1 ring of slaying (right claw)
 s - an uncursed amulet of faith
 w - an uncursed ring of resist corrosion
 y - an amulet of magic regeneration (around neck)
Wands
 l - a wand of random effects (19)
 n - a wand of paralysis (8)
 q - a wand of iceblast (12)
 t - a wand of acid (20)
 u - a wand of polymorph (15)
 B - a wand of digging (25)
Scrolls
 c - 3 scrolls of blinking
 m - 2 scrolls of remove curse
 o - 6 scrolls of teleportation
 p - a scroll of random uselessness {unknown}
 A - a scroll of magic mapping
 C - a scroll of enchant weapon {unknown}
Potions
 d - a potion of flight
 e - 8 potions of curing
 f - 4 potions of ambrosia {unknown}
 i - a potion of berserk rage {unknown}
 k - a potion of cancellation {unknown}
 r - 2 potions of agility
 v - 4 potions of mutation {unknown}
 x - 4 potions of brilliance {unknown}
 z - 4 potions of heal wounds
 F - a potion of degeneration {unknown}
Comestibles
 b - 20 rations
 E - 13 chunks of flesh


   Skills:
 + Level 7.8 Fighting
 + Level 7.9 Dodging
 - Level 1.0 Stealth
 * Level 12.6 Unarmed Combat
 + Level 5.1 Invocations


You had 10 spell levels left.
You didn't know any spells.
Your spell library contained the following spells:

 Spells                   Type           Power        Failure   Level  Hunger
 Animate Skeleton         Necr           N/A          45%         1    ##.....
 Apportation              Tloc           #.....       45%         1    ##.....
 Confusing Touch          Hex            #.....       45%         1    ##.....
 Corona                   Hex            #......      45%         1    ##.....
 Summon Small Mammal      Summ           #...         45%         1    ##.....
 Ensorcelled Hibernation  Hex/Ice        #.....       58%         2    ###....
 Confuse                  Hex            #.......     83%         3    ####...
 Dazzling Spray           Conj/Hex       #.....       83%         3    ####...
 Tukima's Dance           Hex            #.......     83%         3    ####...


Dungeon Overview and Level Annotations

Branches:
Dungeon (11/15)            Temple (1/1) D:6            Lair (0/6) D:11
    Orc (0/2) D:11

Altars:
Ashenzari
Cheibriados
Dithmenos
Elyvilon
Fedhas
Gozag
Hepliaklqana
Kikubaaqudgha
Makhleb
Nemelex Xobeh
Okawaru
Qazlal
Ru
Sif Muna
Trog
Uskayaw
Vehumet
Wu Jian
Xom
Yredelemnul
Zin
The Shining One

Shops:
D:7 =


Innate Abilities, Weirdness & Mutations

You are too large for most types of armour.
You have claws for hands.
Your metabolism is lightning-fast.
You like to eat raw meat.
Your natural rate of healing is unusually fast.
You are covered in fur. (AC +1)
You have very tough skin. (AC +2)


Message History

The manticore bites you! The manticore closely misses you.
The manticore claws you.
You scratch the manticore.
The manticore is moderately wounded.
You mangle the manticore!!
The manticore is severely wounded.
The manticore bites you!! The manticore closely misses you.
The manticore claws you but does no damage.
You claw the manticore!
You kill the manticore!
Okawaru accepts your kill.
The barbs in your skin will harm you if you move.
Continue?
Okay, then.
You carefully extract the barbed spikes from your body.
The cyclops throws a large rock.
The large rock hits you!!
The cyclops throws a large rock.
The large rock hits you!!
* * * LOW HITPOINT WARNING * * *
You see here a large rock.
The cyclops throws a large rock.
The large rock hits you!!!
You die...

#......P....###..................
#...........# #....#.............
#...........# #....#.###.##......
#.###.#####.# ####.#.# #.###.#..#
#.# ### #.######.#.# #.# #.....
#.# #..........###.# #.#... ###
######(........# #.#..#
#(#######.# #..... #@# #.# #.....
#.# #.# ###... #C# #### #.. #.#
#.# ..# #.#


You could see a cyclops.

Vanquished Creatures
  A two-headed ogre (D:8)
  Pikel (D:5)
  A cyclops (D:6)
  A manticore (D:11)
  Maurice (D:8)
  Psyche (D:9)
  Joseph (D:8)
  The ghost of JedernureinKreuz the Slasher, a novice HuGl (D:5)
  A troll (D:8)
  A hornet (D:11)
  Grinder (D:5)
  4 yaks (D:11)
  3 wyverns
  Sigmund (D:4)
  A vampire (D:11)
  A steam dragon (D:10)
  3 hungry ghosts
  A water moccasin (D:6)
  4 porcupines (D:11)
  11 orc warriors
  4 ice beasts
  2 sky beasts
  An eye of draining (D:6)
  7 ogres
  A hornet zombie (D:5)
  A phantom (D:11)
  A boggart (D:8)
  3 centaurs
  A crocodile (D:11)
  4 big kobolds
  5 bullfrogs
  A gnoll sergeant (D:8)
  6 killer bees (D:7)
  5 wights (D:11)
  3 troll zombies (D:11)
  2 howler monkeys
  A crimson imp (D:8)
  A quasit (D:11)
  A centaur zombie (D:8)
  2 bullfrog zombies
  3 hounds
  A bullfrog skeleton (D:8)
  A centaur skeleton (D:5)
  Crazy Yiuf (D:5)
  12 orc priests
  4 jellies
  3 iguanas
  14 orc wizards
  3 worker ants
  5 ogre zombies (D:11)
  A hound zombie (D:8)
  2 hound skeletons
  2 worker ant zombies
  5 gnolls (D:8)
  11 adders
  A shadow imp (D:11)
  A white imp (D:8)
  2 oozes
  An adder zombie (D:5)
  2 adder skeletons
  2 worms (D:3)
  2 dart slugs
  10 leopard geckos
  47 orcs
  3 giant cockroaches
  7 goblins
  7 hobgoblins
  23 jackals
  15 kobolds
  8 quokkas
  3 bats
  3 frilled lizards
  2 goblin skeletons (D:8)
  3 goblin zombies
  A hobgoblin skeleton (D:11)
  7 hobgoblin zombies
  A kobold skeleton (D:8)
  2 kobold zombies (D:8)
  2 orc skeletons (D:11)
  16 orc zombies (D:11)
  2 quokka skeletons
  6 rats
339 creatures vanquished.

Vanquished Creatures (others)
  3 slaves (D:5)
  A hound skeleton (D:5)
  A fungus (D:5)
  3 plants (D:5)
8 creatures vanquished.

Grand Total: 347 creatures vanquished

Notes
Turn   | Place    | Note
-------+----------+-------------------------------------------
     0 | D:1      | Freyura the Troll Monk began the quest for the Orb.
     0 | D:1      | Reached XP level 1. HP: 22/22 MP: 0/0
   185 | D:1      | Reached XP level 2. HP: 28/29 MP: 1/1
   815 | D:2      | Found a snail-covered altar of Cheibriados.
   862 | D:2      | Reached XP level 3. HP: 36/36 MP: 2/2
  1267 | D:2      | Reached skill level 4 in Unarmed Combat
  1515 | D:3      | Reached XP level 4. HP: 6/45 MP: 3/3
  1932 | D:3      | Reached XP level 5. HP: 52/53 MP: 4/4
  2047 | D:4      | Noticed Sigmund
  2101 | D:4      | Killed Sigmund
  2101 | D:4      | Reached skill level 5 in Unarmed Combat
  2101 | D:4      | Reached XP level 6. HP: 40/61 MP: 5/5
  2526 | D:4      | Found a shadowy altar of Dithmenos.
  2563 | D:4      | Reached skill level 6 in Unarmed Combat
  2563 | D:4      | Reached XP level 7. HP: 32/68 MP: 6/6
  2646 | D:5      | Entered Level 5 of the Dungeon
  2646 | D:5      | Noticed Pikel
  2657 | D:5      | Killed Pikel
  2657 | D:5      | Reached skill level 7 in Unarmed Combat
  2657 | D:5      | Reached XP level 8. HP: 26/79 MP: 7/7
  2776 | D:5      | Found a runed gate.
  2777 | D:5      | Noticed JedernureinKreuz's ghost (novice HuGl)
  2781 | D:5      | Found a runed gate.
  2782 | D:5      | Found a runed gate.
  2914 | D:5      | Noticed Grinder
  2929 | D:5      | Killed Grinder
  2929 | D:5      | Reached skill level 8 in Unarmed Combat
  2936 | D:5      | Reached skill level 5 in Fighting
  2936 | D:5      | Reached skill level 5 in Dodging
  3207 | D:5      | Found a runed door.
  3211 | D:5      | Noticed Crazy Yiuf
  3232 | D:5      | Killed Crazy Yiuf
  3453 | D:5      | Paralysed by a big kobold for 7 turns
  3480 | D:5      | Killed JedernureinKreuz's ghost
  3482 | D:5      | Reached XP level 9. HP: 38/88 MP: 8/8
  3486 | D:5      | Reached skill level 9 in Unarmed Combat
  3611 | D:6      | Found a stormy altar of Qazlal.
  3624 | D:6      | Found a blossoming altar of Fedhas.
  3674 | D:6      | Noticed a cyclops
  3682 | D:6      | Killed a cyclops
  3935 | D:6      | Found a deep blue altar of Sif Muna.
  3982 | D:6      | Reached skill level 10 in Unarmed Combat
  4322 | D:6      | Found a staircase to the Ecumenical Temple.
  4328 | Temple   | Entered the Ecumenical Temple
  4366 | Temple   | Became a worshipper of Warmaster Okawaru
  4366 | Temple   | Reached * piety under Okawaru
  4366 | Temple   | Reached ** piety under Okawaru
  4675 | D:7      | Found an ornate altar of the Wu Jian Council.
  4831 | D:7      | Reached skill level 1 in Invocations
  5011 | D:7      | Found an opulent altar of Gozag.
  5012 | D:7      | Found Rozy's Jewellery Shop.
  5353 | D:8      | Reached XP level 10. HP: 92/100 MP: 10/10
  5680 | D:8      | Noticed a two-headed ogre
  5764 | D:8      | Noticed Maurice
  5802 | D:8      | HP: 4/100 [bullfrog (7)]
  5803 | D:8      | Reached skill level 11 in Unarmed Combat
  6088 | D:8      | Killed Maurice
  6088 | D:8      | Reached *** piety under Okawaru
  6108 | D:8      | Found a glowing silver altar of Zin.
  6109 | D:8      | Found a shimmering altar of Xom.
  6109 | D:8      | Noticed an angel
  6117 | D:8      | Found a glowing golden altar of the Shining One.
  6191 | D:8      | Noticed Joseph
  6204 | D:8      | Killed Joseph
  6307 | D:8      | Killed a two-headed ogre
  6713 | D:9      | Reached **** piety under Okawaru
  6916 | D:9      | Noticed Psyche
  6933 | D:9      | Killed Psyche
  6933 | D:9      | Reached XP level 11. HP: 75/109 MP: 12/12
  6985 | D:10     | Entered Level 10 of the Dungeon
  7267 | D:10     | Reached skill level 12 in Unarmed Combat
  7709 | D:10     | Found a deep blue altar of Sif Muna.
  8096 | D:11     | Found a shimmering altar of Xom.
  8415 | D:11     | Reached ***** piety under Okawaru
  8470 | D:11     | Found a staircase to the Orcish Mines.
  8659 | D:11     | Reached skill level 5 in Invocations
  8764 | D:11     | Found a staircase to the Lair.
  8803 | D:11     | Hit by a large rock thrown by a cyclops

Skill      XL: |  1  2  3  4  5  6  7  8  9 10 11 |
---------------+----------------------------------+-----
Unarmed Combat | 4 5 6 7 8 10 11 12 | 12.6
Fighting       | 3 4 5 6 7 |  7.8
Dodging        | 3 4 5 6 7 |  7.9
Invocations    | 1 3 5 |  5.1
Stealth        | |  1.0

Action                   |  1- 3 |  4- 6 |  7- 9 | 10-12 || total
-------------------------+-------+-------+-------+-------++-------
Melee: Unarmed           |    89 |   110 |   315 |   496 ||  1010
       Punch             |     1 |     2 |    17 |    38 ||    58
Invok: Heroism           |       |       |       |    10 ||    10
Evoke: Wand              |       |       |       |     1 ||     1
  Use: Scroll            |     1 |     3 |     7 |     5 ||    16
       Potion            |       |       |     2 |     1 ||     3
 Stab: Sleeping          |     5 |       |     2 |     1 ||     8
       Invisible         |       |       |       |     1 ||     1
  Eat: Chunk             |    19 |    10 |    26 |    51 ||   106
Armor: Robe              |    20 |    40 |   103 |   115 ||   278
Dodge: Dodged            |    40 |    73 |   161 |   283 ||   557
